 Seeded DCSS version 0.29.1-15-g9cfb28693d (webtiles) character file.

Game seed: 13153279757065922515 (custom seed)

14756 Psyclone the Thaumaturge (level 11, -3/68 HPs)
             Began as a Deep Elf Conjurer on Sept 23, 2023.
             Was an Initiate of Ashenzari.
             Slain by a troll (15 damage)
             ... on level 12 of the Dungeon.
             The game lasted 00:41:29 (15331 turns).

Psyclone the Thaumaturge (Deep Elf Conjurer)       Turns: 15331, Time: 00:41:29

Health: -3/68      AC:  6    Str:  4    XL:     11   Next: 92%
Magic:  19/30      EV: 15    Int: 31    God:    Ashenzari [......]
Gold:   266        SH:  0    Dex: 13    Spells: 24/37 levels left

rFire   + . .      SeeInvis .   a - staff of conjuration
rCold   + + .      Faith    .   (no shield)
rNeg    . . .      Spirit   .   V - +2 robe {rC+}
rPois   +          Reflect  .   F - +0 helmet
rElec   .          Harm     .   G - +0 cloak
rCorr   .          Rampage  .   (no gloves)
Will    +....      Archmagi +   (no boots)
Stlth   +++.......              (no amulet)
HPRegen 0.21/turn               j - ring of the Mage {Wiz Archmagi}
MPRegen 0.22/turn               C - ring "Fiogrudo" {rPois rF+ rC+ Int+3 Stlth+}

@: no status effects
A: no striking features
a: Renounce Religion, Curse Item


You were on level 12 of the Dungeon.
You worshipped Ashenzari.
Ashenzari was noncommittal.
You visited 3 branches of the dungeon, and saw 15 of its levels.
You also visited: Bailey.

You collected 795 gold pieces.
You spent 529 gold pieces at shops.

Inventory:

Missiles
 E - 8 curare-tipped darts
 N - 3 throwing nets {!f}
Armour
 p - a +2 robe of fire resistance
 F - a +0 helmet (worn)
 G - a +0 cloak (worn)
 V - a +2 robe of cold resistance (worn)
Magical Staves
 a - a staff of conjuration (weapon)
 q - a staff of cold
 r - a staff of poison
Jewellery
 j - the ring of the Mage (left hand) {Wiz Archmagi}
   (You bought it in a shop on level 5 of the Dungeon)

   [ring of wizardry]

   It improves your spell success rate.
   Archmagi:  It increases the power of your magical spells.
 w - a ring of resist corrosion
 z - a +4 ring of evasion
 C - the ring "Fiogrudo" (right hand) {rPois rF+ rC+ Int+3 Stlth+}
   (You took it off a kobold in a bailey)

   [ring of poison resistance]

   Int:       It affects your intelligence (+3).
   rF:        It protects you from fire.
   rC:        It protects you from cold.
   rPois:     It protects you from poison.
   Stlth:     It makes you more stealthy.
 J - an amulet of the acrobat
 T - a ring of ice
Wands
 t - a wand of flame (22)
 y - a wand of light (14)
 B - a wand of digging (7)
 D - a wand of iceblast (32)
 L - a wand of polymorph (6)
 S - a wand of paralysis (3)
Scrolls
 f - 14 scrolls of identify {unknown}
 g - 5 scrolls of vulnerability {unknown}
 h - 2 scrolls of amnesia {unknown}
 i - 7 scrolls of teleportation
 k - 3 scrolls of butterflies {unknown}
 l - a scroll of immolation {unknown}
 m - 5 scrolls of magic mapping {unknown}
 n - 2 scrolls of enchant armour {unknown}
 s - a scroll of enchant weapon {unknown}
 v - 3 scrolls of torment {unknown}
 A - 2 scrolls of blinking {unknown}
 I - a scroll of brand weapon {unknown}
 K - a scroll of poison {unknown}
 M - 3 scrolls of noise {unknown}
 O - a scroll of fear
 Q - a scroll of silence {unknown}
Potions
 b - 2 potions of magic
 c - 6 potions of invisibility {unknown}
 d - 3 potions of mutation {unknown}
 e - 3 potions of haste {unknown}
 o - 2 potions of brilliance {unknown}
 u - 2 potions of lignification {unknown}
 x - 2 potions of degeneration {unknown}
 H - 6 potions of flight {unknown}
 P - a potion of attraction {unknown}
 R - 2 potions of curing
 U - a potion of ambrosia


   Skills:
 - Level 8.0 Fighting
 - Level 8.0 Dodging
 - Level 2.4 Stealth
 + Level 13.7 Spellcasting
 + Level 12.8 Conjurations
 - Level 6.0 Hexes


You had 24 spell levels left.
You knew the following spells:

 Your Spells              Type           Power      Damage    Failure   Level
a - Magic Dart            Conj           100%       1d8       0%          1
b - Searing Ray           Conj           100%       2d8       0%          2
c - Mephitic Cloud        Conj/Pois/Air  82%        N/A       1%          3
d - Fulminant Prism       Conj/Hex       54%        3d23      1%          4
r - Swiftness             Air            31%        N/A       2%          3

Your spell library contained the following spells:

 Spells                   Type           Power      Damage    Failure   Level
 Apportation              Tloc           62%        N/A       1%          1
 Necrotise                Necr           100%       1d9       1%          1
 Summon Small Mammal      Summ           100%       N/A       1%          1
 Call Imp                 Summ           31%        N/A       1%          2
 Ensorcelled Hibernation  Hex/Ice        100%       N/A       1%          2
 Passwall                 Tmut/Erth      25%        N/A       1%          2
 Dazzling Flash           Conj/Hex       100%       N/A       1%          3
 Summon Guardian Golem    Hex/Summ       56%        N/A       1%          3
 Tukima's Dance           Hex            73%        N/A       1%          3
 Iskenderun's Mystic Bla  Conj/Tloc      95%        2d18      1%          4
 Call Canine Familiar     Summ           31%        N/A       2%          3
 Yara's Violent Unravell  Hex/Tmut       28%        3d12      8%          5
 Passage of Golubria      Tloc           31%        N/A       9%          4


Dungeon Overview and Level Annotations

Branches:
Dungeon (13/15) Zot: 24883  Temple (1/1) D:4 Zot: 5982    Lair (0/5) D:8
    Orc (1/2) D:12 Zot: 5994  Bailey (visited)
 Vaults: D:13-14

Altars:
Ashenzari
Cheibriados
Dithmenos
Elyvilon
Fedhas
Gozag
Hepliaklqana
Kikubaaqudgha
Makhleb
Nemelex Xobeh
Okawaru
Qazlal
Ru
Sif Muna
Trog
Uskayaw
Vehumet
Wu Jian
Xom
Yredelemnul
Zin
The Shining One

Shops:
D:2 (   D:5 =   D:9 [   D:10 (*

Portals:
Trove: D:10 (show slimy rune of Zot)

Annotations:
D:5 2 transporters, Horez's ghost, amateur GrBe


Message History

You climb upwards.
Welcome back to the Dungeon!
There is a staircase to the Orcish Mines here.
You take 7 damage, and have 38/68 hp.
The troll attacks as you move away! The troll completely misses you.
The troll misses you. The troll barely misses you.
You feel less confused. The troll attacks as you move away!
The troll bites you. The troll claws you. The troll misses you.
You take 7 damage, and have 32/68 hp.
Casting: Fulminant Prism (safe; 1% risk of failure)
Confirm with . or Enter, or press ? or * to list all spells.
Aiming: Fulminant Prism (safe; 1% risk of failure)
Press: ? - help, Dir - move target You feel a strong surge of power!
You conjure a prism of explosive energy!
A fulminant prism comes into view.
The troll bites you!
* * * LOW HITPOINT WARNING * * *
The troll barely misses you. The troll claws you!
* * * LOW HITPOINT WARNING * * *
You take 20 damage, and have 12/68 hp.
MASSIVE DAMAGE!!
You now have 20/30 mp.
Casting: Fulminant Prism (safe; 1% risk of failure)
Confirm with . or Enter, or press ? or * to list all spells.
Aiming: Searing Ray (safe; 0% risk of failure)
Press: ? - help, Shift-Dir - straight line, f - fulminant prism
Aim: a fulminant prism (friendly, 100% to hit)
You feel a strong surge of power! Really fire at your fulminant prism?
Okay, then.
Casting: Searing Ray (safe; 0% risk of failure)
Confirm with . or Enter, or press ? or * to list all spells.
Aiming: Searing Ray (safe; 0% risk of failure)
Press: ? - help, Shift-Dir - straight line, f - troll, p - fulminant prism
Aim: a troll (ally target, 83% to hit)
You feel a strong surge of power!
The searing ray hits the troll!
The troll is moderately wounded. (Press . to maintain the ray.)
Your fulminant prism crackles loudly.
The troll bites you!
You die...

○.....#.... #......#
.°..=.....#######'#....###+######
..B.......#.......#.....#...#....
..........#.......#.....#...#....
..........#......)#.....#...'....
..........#.......#.....#...#....
....!.....#.......#.....##'######
..........#.......#.....#....#
......##+##.....@.###'###....#
......#...#.....T.#.÷÷..#....#
......#..<#.......#.....#...##
......#...'....*..#.........#
......#...#.......#######...#
......#...#.....>.#.........#
#####.......#.........#
#...........#.........#
#...........#######...#


You could see a troll (ally target) and a friendly fulminant prism.

Vanquished Creatures
  Fannar (D:11)
  2 two-headed ogres
  An orc knight (Bailey)
  An ugly thing (D:11)
  3 manticores
  An unseen horror (D:10)
  Psyche (D:11)
  A troll (D:11)
  A hornet (D:9)
  A water elemental (D:13)
  2 shadows
  22 yaks
  A vampire (D:12)
  3 wyverns
  2 wraiths
  A basilisk (D:8)
  Grum (D:11)
  An acid dragon (D:9)
  A water moccasin (D:4)
  A hornet zombie (D:8)
  6 orc warriors
  2 ice beasts
  A sky beast (D:7)
  An ogre (D:5)
  2 black bears
  3 wolves (D:11)
  3 centaurs
  4 phantoms
  4 bullfrogs
  6 kobold brigands (Bailey)
  2 necrophages (D:4)
  2 wyvern zombies (D:8)
  2 gnoll sergeants (D:11)
  3 scorpions
  11 wights
  6 howler monkeys
  3 centaur zombies (D:8)
  3 hounds
  8 orc priests
  2 jellies
  Crazy Yiuf (D:6)
  3 iguanas
  10 orc wizards
  2 killer bee zombies (D:8)
  A howler monkey zombie (D:8)
  15 gnolls
  9 adders
  A white imp (D:6)
  An ufetubus (D:5)
  A worm (D:2)
  2 dart slugs
  27 orcs
  8 endoplasms
  7 giant cockroaches
  17 goblins
  10 hobgoblins
  9 jackals
  9 kobolds
  2 quokkas (D:2)
  6 ball pythons
  7 bats
  3 frilled lizards
  11 rats
284 creatures vanquished.

Vanquished Creatures (others)
  125 fulminant prisms
  4 plants (D:13)
129 creatures vanquished.

Grand Total: 413 creatures vanquished

Notes
Turn   | Place    | Note
-------+----------+-------------------------------------------
     0 | D:1      | Psyclone the Deep Elf Conjurer began the quest for the Orb.
     0 | D:1      | Reached XP level 1. HP: 10/10 MP: 6/6
   189 | D:1      | Found a faded altar of an unknown god.
   197 | D:1      | Reached XP level 2. HP: 15/15 MP: 3/8
   506 | D:1      | Reached skill level 4 in Spellcasting
   532 | D:1      | Reached skill level 5 in Conjurations
   532 | D:1      | Reached XP level 3. HP: 12/19 MP: 2/10
   639 | D:1      | Learned a level 2 spell: Searing Ray
  1358 | D:2      | Found Aliloud's Weapon Emporium.
  1411 | D:2      | Found a stormy altar of Qazlal.
  1518 | D:2      | Reached XP level 4. HP: 24/24 MP: 7/12
  1748 | D:2      | Reached skill level 5 in Spellcasting
  2817 | D:3      | Found a shadowy altar of Dithmenos.
  3209 | D:3      | Reached XP level 5. HP: 28/28 MP: 9/14
  3555 | D:4      | Learned a level 4 spell: Fulminant Prism
  3682 | D:4      | Reached skill level 1 in Hexes
  3868 | D:4      | Reached skill level 6 in Spellcasting
  3868 | D:4      | Reached XP level 6. HP: 32/32 MP: 10/17
  4154 | D:4      | Found a staircase to the Ecumenical Temple.
  4154 | D:4      | Noticed a water moccasin
  4159 | D:4      | Killed a water moccasin
  4215 | Temple   | Entered the Ecumenical Temple
  4842 | D:5      | Entered Level 5 of the Dungeon
  4842 | D:5      | Found Gosaorgh's Jewellery Emporium.
  4852 | D:5      | Noticed Horez's ghost (amateur GrBe)
  4855 | D:5      | Found a transporter.
  4892 | D:5      | Found a radiant altar of Vehumet.
  4905 | D:5      | Found a transporter.
  4935 | D:5      | Reached XP level 7. HP: 31/36 MP: 12/19
  5086 | D:5      | Found a broken altar of Ashenzari.
  5095 | D:5      | Became a worshipper of Ashenzari the Shackled
  5128 | D:5      | Reached skill level 7 in Spellcasting
  5551 | D:5      | Reached skill level 5 in Hexes
  5689 | D:5      | Reached skill level 8 in Spellcasting
  5703 | D:5      | Reached XP level 8. HP: 23/41 MP: 7/22
  6622 | D:6      | Found a runed translucent door.
  6623 | D:6      | Noticed Crazy Yiuf
  6647 | D:6      | Reached skill level 9 in Spellcasting
  6781 | D:6      | Found a shimmering blue altar of Sif Muna.
  7417 | D:6      | Found an iron altar of Okawaru.
  7518 | D:6      | Killed Crazy Yiuf
  7525 | D:6      | Learned a level 3 spell: Mephitic Cloud
  7529 | D:6      | Learned a level 3 spell: Swiftness
  7763 | D:7      | Reached skill level 10 in Spellcasting
  7939 | D:7      | Reached XP level 9. HP: 45/45 MP: 20/25
  7967 | D:7      | Reached skill level 10 in Conjurations
  8113 | D:7      | Reached skill level 1 in Fighting
  8408 | D:7      | Reached skill level 5 in Dodging
  8531 | D:7      | Found a blossoming altar of Fedhas.
  8583 | D:7      | Found a burning altar of Makhleb.
  9395 | D:8      | Reached XP level 10. HP: 38/58 MP: 2/26
  9395 | D:8      | Identified the +13 plate armour of Generosity {rElec rC+
                  | Str+4 Dex-4 Stlth+}
  9676 | D:8      | Found a staircase to the Lair.
  9734 | D:8      | Found a basalt altar of Yredelemnul.
  9866 | D:8      | Found a stormy altar of Qazlal.
 10125 | D:9      | Reached skill level 5 in Fighting
 10139 | D:9      | Noticed a two-headed ogre
 10345 | D:9      | Killed a two-headed ogre
 10792 | D:9      | Identified the +6 scale mail "Erchezy" {Str+4}
 10849 | D:9      | Found a glowing golden altar of the Shining One.
 10851 | D:9      | Found Xuabaa's Armour Emporium.
 10960 | D:5      | Bought the ring of the Mage {Wiz Archmagi} for 510 gold
                  | pieces
 10960 | D:5      | Found the ring of the Mage {Wiz Archmagi}
 11127 | D:10     | Entered Level 10 of the Dungeon
 11177 | D:10     | Noticed a +0 hand axe
 11177 | D:10     | Noticed a +0 hand axe
 11449 | D:10     | Reached XP level 11. HP: 9/68 MP: 9/27
 11456 | D:10     | HP: 3/68 [orc wizard/puff of flame (7)]
 11482 | D:10     | Reached skill level 11 in Spellcasting
 11658 | D:10     | Found Ajotteu's Assorted Antiques.
 11666 | D:10     | Bought a smoky golden potion for 19 gold pieces
 11673 | D:10     | Found Oxtir's Weapon Shoppe.
 11692 | D:10     | Found a flagged portal.
 11708 | Bailey   | Entered a bailey
 11952 | Bailey   | Identified the ring "Fiogrudo" {rPois rF+ rC+ Int+3 Stlth+}
 12088 | Bailey   | Noticed an orc knight
 12097 | Bailey   | Killed an orc knight
 12220 | Bailey   | Found a bloodstained altar of Trog.
 12394 | D:10     | Found a hide-covered altar of Uskayaw.
 12624 | D:10     | Found an opulent altar of Gozag.
 12624 | D:10     | Found a faded altar of an unknown god.
 12630 | D:10     | Found an ornate altar of the Wu Jian Council.
 12632 | D:10     | Found a faded altar of an unknown god.
 12634 | D:10     | Found a bloodstained altar of Trog.
 12684 | D:10     | Found a portal to a secret trove of treasure.
 13139 | D:11     | You fall into a shaft and drop 2 floors!
 13190 | D:13     | Noticed a tengu warrior
 13521 | D:12     | Reached skill level 12 in Spellcasting
 13804 | D:12     | Found a staircase to the Orcish Mines.
 13809 | D:12     | Noticed a two-headed ogre
 13826 | D:12     | Killed a two-headed ogre
 13937 | D:12     | Noticed a boulder beetle
 14454 | D:11     | Noticed Fannar
 14465 | D:11     | Killed Fannar
 14466 | D:11     | Reached skill level 13 in Spellcasting
 14476 | D:11     | Noticed Grum
 14480 | D:11     | Paralysed by Grum for 5 turns
 14480 | D:11     | Killed Grum
 14484 | D:11     | Noticed a cyan ugly thing
 14646 | D:11     | Killed a cyan ugly thing
 14963 | D:11     | Noticed Psyche
 15021 | D:11     | Killed Psyche
 15207 | D:11     | Found a hazy altar of Hepliaklqana.
 15318 | Orc:1    | Entered Level 1 of the Orcish Mines
 15331 | D:12     | Slain by a troll

Illustrated notes

Levels and vault maps discovered:
D:1:      amcnicky_arrival_gap_in_the_tavern_cellar, layout_loops_ring,
          hellmonk_ecumenical_altar_crossroads
D:2:      minmay_thinvault, layout_loops_ring, serial_shops,
          nicolae_shop_bloodbath_and_beyond, basic_altar, minivault_14,
          minivault_23
D:3:      layout_basic, nicolae_dithmenos_the_darkroom
D:4:      layout_loops_ring, temple_green, corner_web_ring, corexii_checkpoint_a
D:5:      layout_basic, mainiacjoe_overflow_surrounded_room,
          nicolae_vehumet_altar_sigil, gammafunk_ghost_hive, serial_shops, shop
D:6:      layout_cave_pools, lemuel_coloured_pillars_altar, marbit_many_paths,
          uniq_crazy_yiuf_cottage
D:7:      layout_basic, mainiacjoe_overflow_small_starburst, bloody_makhleb,
          minmay_misc_feat_hallway
D:8:      layout_rooms, nicolae_qazlal_style_of_elements,
          nicolae_yredelemnul_corpse_copse, david_lair_generic
D:9:      layout_rooms, overflow_temple_1_default, serial_shops,
          nicolae_shop_hallway_plus
D:10:     layout_cave_pools, dancing_weapons_uskayaw,
          chequers_temple_overflow_minitemple, serial_shops,
          nicolae_square_shop, shop, nicolae_trove_entry_columns, enter_bailey_5
D:11:     layout_roguey, worldfamousw_hep_ancestral_shrine, uniq_fannar,
          uniq_grum, uniq_psyche
D:12:     layout_grid_maze, orc_0_dummy
D:13:     layout_gridville, serial_bayou, serial_bayou_crossing,
          serial_bayou_ford_a, serial_bayou_lagoon_b, serial_bayou_shore_b,
          serial_bayou_pond_c, the_hattery, uniq_lodul, uniq_erolcha,
          uniq_azrael
Temple:   hellmonk_temple_two_chambers
Orc:1:    layout_caves, serial_shops, nicolae_shop_overgrown_old_shop

Skill      XL: |  1  2  3  4  5  6  7  8  9 10 11 |
---------------+----------------------------------+-----
Spellcasting   | 4 5 6 8 10 13 | 13.7
Conjurations   | 5 6 7 9 10 12 | 12.8
Hexes          | 2 3 5 6 |  6.0
Dodging        | 7 8 |  8.0
Fighting       | 4 8 |  8.0
Stealth        | |  2.4

Action                   |  1- 3 |  4- 6 |  7- 9 | 10-12 || total
-------------------------+-------+-------+-------+-------++-------
Melee: Staff             |       |       |     1 |     4 ||     5
 Cast: Magic Dart        |    70 |    90 |    73 |    45 ||   278
       Searing Ray       |       |    19 |    38 |    23 ||    80
       Fulminant Prism   |       |       |    43 |    83 ||   126
       Swiftness         |       |       |     1 |       ||     1
Evoke: Wand              |       |       |       |     3 ||     3
  Use: Potion            |       |       |     1 |     6 ||     7
       Scroll            |       |       |       |     2 ||     2
Armor: Robe              |     2 |     5 |     9 |    30 ||    46
Dodge: Dodged            |    12 |    13 |    62 |   108 ||   195
